 Dungeon Crawl Stone Soup version 0.17-a0-1775-g10da671 (webtiles) character file.

51 Psiweapon the Sneak (level 3, -1/24 HPs)
             Began as a Vampire Enchanter on Sept 8, 2015.
             Slain by Ijyb
             ... wielding a +0 short sword
              (4 damage)
             ... on level 2 of the Dungeon.
             The game lasted 00:07:52 (1403 turns).

Psiweapon the Sneak (Vampire Enchanter)             Turns: 1403, Time: 00:07:52

Health: -1/24      AC:  3    Str:  7      XL:     3   Next: 58%
Magic:  2/6        EV: 18    Int: 22      God:
Gold:   38         SH:  0    Dex: 17 (20) Spells: 1 memorised, 4 levels left

rFire  + . .     SeeInvis +     l - -2 short sword (curse)
rCold  + . .     Clarity  .     b - +1 robe
rNeg   . . .     SustAt   .     (no shield)
rPois  +         Gourm    .     (helmet restricted)
rElec  +         Spirit   .     (no cloak)
rCorr  +         Warding  .     (no gloves)
rMut   .         Stasis   .     (no boots)
MR     .....                    (no amulet)
Stlth  ++++......               (no ring)
                                (no ring)

@: brilliant, agile, resistant, regenerating quickly, not resistant to hostile
enchantments, stealthy
A: fangs 3, horns 1, see invisible, unbreathing
a: no special abilities


You were on level 2 of the Dungeon.
You were very full.

You visited 1 branch of the dungeon, and saw 2 of its levels.

You collected 38 gold pieces.

Inventory:

Hand weapons
 a - a +1 dagger
 l - a cursed -2 short sword (weapon)
Armour
 b - a +1 robe (worn)
 e - a +0 helmet
Scrolls
 k - a scroll of magic mapping
Potions
 d - a potion of blood
Books
 c - a book of Maledictions

   Spells                             Type                      Level
   a - Corona                         Hexes                        1
   b - Ensorcelled Hibernation        Hexes/Ice                    2
   c - Confuse                        Hexes                        3
   d - Tukima's Dance                 Hexes                        3
   e - Dazzling Spray                 Conjuration/Hexes            3


   Skills:
 * Level 3.0 Short Blades
 - Level 2.1 Dodging
 + Level 5.2 Stealth
 - Level 2.0 Spellcasting
 + Level 4.8 Hexes


You had 4 spell levels left.
You knew the following spells:

 Your Spells              Type           Power        Failure   Level  Hunger
b - Ensorcelled Hibernat  Hex/Ice        ####..       1%          2    ##.....


Dungeon Overview and Level Annotations

Branches:
Dungeon (2/15)

Altars:

Annotations:
D:2 Ijyb, Robin


Innate Abilities, Weirdness & Mutations

Your natural rate of healing is unusually fast.
You have razor-sharp teeth.
You have supernaturally acute eyesight.
You can survive without breathing.
You have a pair of small horns on your head.


Message History

Your magical contamination has completely faded away.
Drink which item? (? for menu, Esc to quit)
It was a potion of beneficial mutation.
A pair of horns grows on your head!
Your +0 helmet falls away!
You feel fantastic! Ijyb hits you with a short sword.
* * * LOW HITPOINT WARNING * * *
You hit Ijyb but do no damage. Your headbutt misses Ijyb.
Your bite misses Ijyb.
Ijyb is almost dead.
Ijyb misses you.
You closely miss Ijyb. Your headbutt misses Ijyb. Your bite misses Ijyb.
Ijyb is almost dead.
You closely miss Ijyb. Your headbutt misses Ijyb.
Ijyb is almost dead.
Ijyb barely misses you.
You barely miss Ijyb.
Ijyb is almost dead.
Ijyb hits you with a short sword.
You die...

#.≈≈..#...#)....#.(.#
####.≈≈..#...#†....#...#
.....≈≈..#...#..)..#...#
#####≈≈..##'##.....##'##
#≈≈.).#............#
#≈≈...#............#
#≈≈...##########...#
#≈≈#####.......#...#
#≈≈#.g@'......)†...#
#≈≈#.(%#.......'...#
####################


You could see Ijyb.

Vanquished Creatures
  2 oozes (D:1)
  A giant gecko (D:1)
  A giant cockroach (D:1)
  3 hobgoblins (D:1)
  7 jackals
  2 kobolds (D:1)
  3 bats
  5 giant newts
  13 goblins
  A rat (D:1)
38 creatures vanquished.

Notes
Turn   | Place    | Note
--------------------------------------------------------------
     0 | D:1      | Psiweapon the Vampire Enchanter began the quest for the Orb.
     0 | D:1      | Reached XP level 1. HP: 13/13 MP: 3/3
   269 | D:1      | Reached XP level 2. HP: 17/19 MP: 3/5
   405 | D:1      | Learned a level 2 spell: Ensorcelled Hibernation
   627 | D:1      | Reached skill level 5 in Stealth
   754 | D:1      | Reached XP level 3. HP: 24/24 MP: 1/6
   995 | D:2      | Noticed Robin
  1341 | D:2      | Noticed Ijyb
  1399 | D:2      | Gained mutation: You have a pair of small horns on your head. [potion of beneficial mutation]
  1403 | D:2      | Slain by Ijyb

Vault maps used:
D:1:      sevenhm_arrival_forest_fort_small_4, kennysheep_pointless_box
D:2:      kennysheep_goblin_castle, uniq_robin

Action                   || total
-------------------------++-------
Melee: Dagger            ||    66
       Short sword       ||   127
 Cast: Corona            ||     7
       Ensorcelled Hiber ||    11
  Use: Scroll            ||     3
       Potion            ||     5
 Stab: Sleeping          ||    16
  Eat: Corpse            ||    15
